 Dungeon Crawl Stone Soup version 0.31.0-32-g396128a36d (webtiles) character file.

Game seed: 17472015627143039171

231 monsoonserge the Ruffian (level 6, 0/39 HPs)
             Began as an Octopode Shapeshifter on Apr 9, 2024.
             Killed from afar by a dart slug (3 damage)
             ... with a slug dart
             ... on level 4 of the Dungeon.
             The game lasted 00:06:12 (2318 turns).

monsoonserge the Ruffian (Octopode Shapeshifter)    Turns: 2318, Time: 00:06:13

Health: 0/39       AC:  5    Str: 16    XL:     6   Next: 4%
Magic:  5/7        EV: 13    Int: 12    God:
Gold:   181        SH:  0    Dex: 11    Spells: 5/7 levels left

rFire   . .          .
                       - Unarmed
rCold   . . .        (no shield)
rNeg    . . .        (helmet currently unavailable)
rPois   .            (no amulet)
rElec   .            k - +4 ring of protection
rCorr   +            n - ring of resist corrosion
SInv    .            (no ring)
Will    .....        (no ring)
Stlth   ++           (no ring)
HPRegen 0.26/turn    (no ring)
MPRegen 0.10/turn    (no ring)
                     (no ring)

%: no passive effects
@: beast-form
A: beast (slay +2), almost no armour, amphibious, 8 rings, camouflage 1,
gelatinous body 1, (nimble swimmer 1), tentacles
a: Begin Untransformation


You were on level 4 of the Dungeon.
You were a hulking beast.
You visited 1 branch of the dungeon, and saw 4 of its levels.

You collected 181 gold pieces.

Inventory:

Missiles
 l - 9 boomerangs (quivered)
 p - a throwing net
Jewellery
 k - a +4 ring of protection (left tentacle)
 n - a ring of resist corrosion (right tentacle)
 x - a ring of see invisible
Talismans
 b - a beast talisman
 c - a flux talisman
Wands
 o - a wand of flame (11)
Scrolls
 d - 3 scrolls of teleportation {unknown}
 e - a scroll of silence {unknown}
 h - a scroll of poison {unknown}
 i - 2 scrolls of immolation {unknown}
 j - 2 scrolls of vulnerability {unknown}
 q - a scroll of fear {unknown}
 r - 2 scrolls of identify {unknown}
 t - 3 scrolls of noise {unknown}
Potions
 a - a potion of lignification
 f - 2 potions of degeneration {unknown}
 g - a potion of mutation {unknown}
 m - a potion of curing {unknown}
 s - a potion of resistance {unknown}
 u - a potion of invisibility {unknown}
 v - a potion of cancellation {unknown}
 w - a potion of brilliance {unknown}


   Skills:
 - Level 2.0 Fighting
 - Level 1.0 Throwing
 - Level 2.0 Dodging
 - Level 1.0 Stealth
 + Level 4.8 Unarmed Combat
 - Level 1.0 Spellcasting
 * Level 2.1 Translocations
 - Level 3.5 Shapeshifting


You had 5 spell levels left.
You knew the following spells:

 Your Spells              Type           Power      Damage    Failure   Level
a - Blink                 Tloc           10%        N/A       19%         2

Your spell library contained the following spells:

 Spells                   Type           Power      Damage    Failure   Level
 Sandblast                Erth           0%         2d4       30%         1
 Passwall                 Erth           0%         N/A       65%         3
 Stone Arrow              Conj/Erth      0%         3d7       65%         3
 Brom's Barrelling Bould  Conj/Erth      0%         2d3       96%         4
 Conjure Ball Lightning   Conj/Air       0%         3x3d6     100%        6
 Discord                  Hex            0%         N/A       100%        8
 Disjunction              Tloc           2%         N/A       100%        8


Dungeon Overview and Level Annotations

Branches:
Dungeon (4/15)
 Temple: D:4-7

Altars:

Shops:
D:1 =   D:4 *


Innate Abilities, Weirdness & Mutations

You are a hulking beast.
Your limbs bulge with bestial killing power. (Slay +2)
You cannot wear most types of armour.
You are amphibious.
You can wear up to eight rings at the same time.
Your skin changes colour to match your surroundings (Stealth+).
Your rubbery body absorbs attacks. (AC +1, EV +1)
((You are camouflaged when in or above water. (Stealth+)))
You have tentacles for arms and can constrict up to eight enemies at once.


Message History

You constrict the wight, but do no damage.
The wight barely misses you.
You tentacle-slap the wight. You grab the wight.
The wight is lightly damaged.
You constrict the wight, but do no damage.
You constrict the wight. The wight barely misses you. x2
You tentacle-slap the wight.
The wight is heavily damaged.
You constrict the wight.
You constrict the wight, but do no damage.
The wight hits you with a +0 battleaxe!
* * * LOW HITPOINT WARNING * * *
The wight barely misses you.
You tentacle-slap the wight.
The wight is severely damaged.
You constrict the wight. x2
You destroy the wight!
Your life force feels restored.
Your Translocations skill increases to level 1!
Unknown command.
You tentacle-slap the wight but do no damage.
The wight is almost destroyed.
You constrict the wight.
You destroy the wight!
The dart slug launches a dart at you. The slug dart hits you.
* * * LOW HITPOINT WARNING * * *
Training target 1.0 for Spellcasting reached!
Your Spellcasting skill increases to level 1!
Your Translocations skill increases to level 2!
You have reached level 6!
Okay, then.
Okay, then.
A wight and a dart slug come into view.
Found 2 bubbling silvery potions.
Things that are here:
a +0 morningstar; a +0 robe The dart slug launches a dart at you.
The slug dart hits you.
You die...

# #..†.# # #....# ##.......
#####....# #.z...!w..
..#......# ##.........
#.....#.## #..........
##..#.#.## ##.[........
##.##....# #...........
#.###.>.#####...w....... #.#
#.#........h........ ##.#
#.#####...∩.))....# .#.# #.#
##.......##### .#.# #.#
#......### # .#.# #.#
#.###....## .# .#.# #.# # #
####..#####.####
.#.###.####.# ####..........#
............###............##
(........#####..##..##...###


You could see a wight (dormant) and 2 dart slugs.

Vanquished Creatures
  2 wights (D:4)
  Jessica (D:3)
  Ijyb (D:4)
  An adder (D:2)
  2 dart slugs
  2 ribbon worms (D:2)
  5 endoplasms
  4 giant cockroaches
  3 goblins
  6 hobgoblins
  2 jackals (D:1)
  5 kobolds
  4 quokkas
  5 ball pythons
  5 bats
  5 frilled lizards
  A rat (D:2)
54 creatures vanquished.

Notes
Turn   | Place    | Note
-------+----------+-------------------------------------------
     0 | D:1      | monsoonserge the Octopode Shapeshifter began the quest for
                  | the Orb.
     0 | D:1      | Reached XP level 1. HP: 13/13 MP: 1/1
   250 | D:1      | Reached skill level 1 in Stealth
   250 | D:1      | Reached XP level 2. HP: 18/18 MP: 2/2
   484 | D:1      | Found Itulloeh's Jewellery Shoppe.
   674 | D:1      | Reached XP level 3. HP: 24/24 MP: 3/3
  1007 | D:2      | You fall into a shaft and drop 2 floors!
  1011 | D:4      | Noticed Ijyb
  1024 | D:4      | Killed Ijyb
  1231 | D:3      | Reached XP level 4. HP: 28/29 MP: 4/4
  1453 | D:2      | Reached skill level 4 in Unarmed Combat
  1987 | D:3      | Noticed Jessica
  1994 | D:3      | Killed Jessica
  1995 | D:3      | Reached skill level 1 in Throwing
  1995 | D:3      | Reached XP level 5. HP: 34/34 MP: 5/5
  2009 | D:3      | Got Jessica's Tome of Movement
  2018 | D:3      | Learned a level 2 spell: Blink
  2143 | D:3      | Identified the +1 rapier "Hyejul" {speed, Str-3 Int+3
                  | Dex+4}
  2166 | D:3      | Found a faded altar of an unknown god.
  2304 | D:4      | Found Hiseud's Humungous Hoard.
  2316 | D:4      | Reached skill level 1 in Translocations
  2317 | D:4      | Reached skill level 1 in Spellcasting
  2317 | D:4      | Reached XP level 6. HP: 2/39 MP: 5/7
  2318 | D:4      | Killed from afar by a dart slug

Illustrated notes

Levels and vault maps discovered:
D:1:      dpeg_arrival_castle, layout_loops_corners, serial_shops, shop,
          nicolae_titane
D:2:      layout_basic
D:3:      layout_basic, chequers_ecumenical_altar_simple,
          kennysheep_jessica_study
D:4:      layout_rooms, tgw_trog, nicolae_alphabet_shops,
          minmay_misc_feat_enclosed, uniq_ijyb, uniq_natasha

Skill      XL: |  1  2  3  4  5 |
---------------+----------------+-----
Stealth        | 1 |  1.0
Fighting       | 2 |  2.0
Unarmed Combat | 4 |  4.8
Throwing       | 1 |  1.0
Translocations | 2 |  2.1
Spellcasting   | 1 |  1.0
Dodging        | |  2.0
Shapeshifting  | |  3.5

Action                     |  1- 3 |  4- 6 || total
---------------------------+-------+-------++-------
  Melee: Unarmed           |    53 |    64 ||   117
         Constrict         |    12 |    17 ||    29
         Tentacles         |     8 |     9 ||    17
         Punch             |     1 |       ||     1
  Throw: Boomerang         |       |     5 ||     5
   Stab: Sleeping          |     6 |     2 ||     8
 Armour: Skin              |    15 |    30 ||    45
  Dodge: Dodged            |    23 |    52 ||    75
